 Dungeon Crawl Stone Soup version 0.31-a0-214-gb37851dbb3 (webtiles) character file.

Game seed: 10947539756638340065

79 qw the Shooter (level 4, 0/26 HPs)
             Began as a Gargoyle Hexslinger on July 1, 2023.
             Slain by a gnoll
             ... wielding a +0 spear
              (6 damage)
             ... on level 3 of the Dungeon.
             The game lasted 00:00:42 (1288 turns).

qw the Shooter (Gargoyle Hexslinger)                Turns: 1288, Time: 00:00:43

Health: 0/26       AC:  9    Str: 11    XL:     4   Next: 37%
Magic:  5/5        EV: 10    Int: 14    God:
Gold:   125        SH:  0    Dex: 14    Spells: 4/5 levels left

rFire   . . .        Y - +2 sling
rCold   . . .        (no shield)
rNeg    + . .        d - +0 ring mail
rPois   inf          (no helmet)
rElec   +            (no cloak)
rCorr   .            (no gloves)
SInv    .            e - +0 pair of boots
Will    .....        (no amulet)
Stlth   +            (no ring)
HPRegen 0.24/turn    (no ring)
MPRegen 0.09/turn

%: no passive effects
@: no status effects
A: sickness immunity, AC +3, negative energy resistance 1, electricity
resistance, torment resistance 1, petrification resistance
a: no special abilities


You were on level 3 of the Dungeon.
You visited 1 branch of the dungeon, and saw 3 of its levels.

You collected 125 gold pieces.


Innate Abilities, Weirdness & Mutations

You are immune to sickness and miasma.
Your stone body is resilient. (AC +3)
You are immune to poison.
You resist negative energy. (rN+)
You are resistant to electric shocks. (rElec)
You are resistant to unholy torment.
You are immune to petrification.


   Skills:
 - Level 2.0 Fighting
 + Level 4.0 Ranged Weapons
 - Level 1.0 Armour
 - Level 1.5 Dodging
 - Level 1.0 Spellcasting
 - Level 2.6 Hexes


You had 4 spell levels left.
You knew the following spells:

 Your Spells              Type           Power      Damage    Failure   Level
a - Slow                  Hex            32%        N/A       21%         1

Your spell library contained the following spells:

 Spells                   Type           Power      Damage    Failure   Level
 Inner Flame              Hex/Fire       4%         N/A       71%         3
 Portal Projectile        Hex/Tloc       8%         N/A       71%         3
 Cause Fear               Hex            4%         N/A       90%         4

Inventory:

Hand Weapons
 Y - a +2 sling (weapon)
Armour
 d - a +0 ring mail (worn)
 e - a +0 pair of boots (worn)
Scrolls
 a - a scroll of identify
Potions
 c - a potion of curing
 j - a potion of cancellation

Dungeon Overview and Level Annotations

Branches:
Dungeon (3/15)

Altars:
Dithmenos


Message History

The sling bullet closely misses the hobgoblin.
The sling bullet barely misses the rat.
The hobgoblin hits you but does no damage. x2
You shoot a sling bullet. The sling bullet hits the hobgoblin!
You kill the hobgoblin!
Your Armour skill increases to level 1!
You shoot a sling bullet. The sling bullet hits the rat.
You kill the rat!
The gnoll barely misses you.
You shoot a sling bullet.
The sling bullet barely misses the gnoll.
The sling bullet hits the gnoll.
The gnoll is moderately wounded.
The gnoll hits you with a +0 flail. The gnoll misses you. x2
The gnoll hits you but does no damage. x2
You shoot a sling bullet.
The sling bullet hits the gnoll but does no damage.
The gnoll completely misses you. The gnoll hits you with a +0 flail.
The gnoll barely misses you.
You shoot a sling bullet. The sling bullet hits the gnoll!
The gnoll is heavily wounded.
The gnoll hits you with a +0 flail. The gnoll completely misses you.
The gnoll barely misses you.
You shoot a sling bullet. The sling bullet hits the gnoll.
The gnoll is heavily wounded.
The gnoll closely misses you. x2
The gnoll hits you from afar with a +0 spear.
You shoot a sling bullet.
The sling bullet hits the gnoll but does no damage.
The gnoll is heavily wounded.
The gnoll hits you with a +0 flail. The gnoll barely misses you.
The gnoll hits you but does no damage. The gnoll closely misses you.
The gnoll barely misses you.
The gnoll hits you from afar with a +0 spear.
You shoot a sling bullet.
The sling bullet barely misses the gnoll.
The gnoll hits you from afar with a +0 spear.
The gnoll hits you with a +0 flail.
The gnoll hits you from afar with a +0 spear.
You die...

.....##.###+#
#..#....+_+
#....##### .
####....# ### ..
#.......#######...
##.................
....###...:....$...
..#...<#....#####
.....####....@g#
..## #.####%# #.#


gg. $.# ..... ..## ...$... ### ....... ....... ....... You could see 3 gnolls.

Vanquished Creatures
  An adder (D:2)
  2 worms
  3 dart slugs
  7 bats
  4 endoplasms
  8 goblins
  9 hobgoblins
  3 quokkas
  2 ball pythons (D:1)
  4 frilled lizards
  7 kobolds (D:1)
  5 rats
55 creatures vanquished.

Notes
Turn   | Place    | Note
-------+----------+-------------------------------------------
     0 | D:1      | qw the Gargoyle Hexslinger began the quest for the Orb.
     0 | D:1      | Reached XP level 1. HP: 12/12 MP: 2/2
     0 | D:1      | 0 ||| qw: Version: 0.3-a-32-g5962c71
     0 | D:1      | 0 ||| qw: Game counter: 7572
     0 | D:1      | 0 ||| qw: Melee chars always use a shield: true
     0 | D:1      | 0 ||| qw: God list: Okawaru
     0 | D:1      | 0 ||| qw: Allow faded altars: false
     0 | D:1      | 0 ||| qw: Do Orc after clearing Dungeon:15 true
     0 | D:1      | 0 ||| qw: Do second Lair branch before Depths: true
     0 | D:1      | 0 ||| qw: Lair rune preference: random
     0 | D:1      | 0 ||| qw: Goals: Normal
     0 | D:1      | 0 ||| PLANNING D:1-11
    19 | D:1      | 19 ||| FLEEEEING.
    20 | D:1      | 20 ||| FLEEEEING.
    66 | D:1      | Reached XP level 2. HP: 16/16 MP: 3/3
   239 | D:1      | Reached skill level 3 in Ranged Weapons
   403 | D:1      | 403 ||| Stepping ~*~*~tactically~*~*~ (outnumbered).
   411 | D:1      | Reached XP level 3. HP: 17/21 MP: 4/4
   560 | D:1      | 560 ||| UPGRADING to +0 ring mail.
   570 | D:1      | 570 ||| DROPPING +0 robe.
   571 | D:1      | 571 ||| READING scroll labelled KOOBLO URAVO.
   575 | D:1      | 575 ||| READING scroll labelled LOTZAF SESHRUZA.
   576 | D:1      | 576 ||| READING 2 scrolls labelled QUNA WE KOCUM.
   594 | D:1      | 594 ||| READING scroll labelled HUORAM XURO.
   595 | D:1      | 595 ||| DROPPING scroll of poison.
   596 | D:1      | 596 ||| DROPPING scroll of torment.
   976 | D:2      | Reached XP level 4. HP: 26/26 MP: 5/5
  1093 | D:2      | Reached skill level 4 in Ranged Weapons
  1218 | D:2      | 1218 ||| UPGRADING to +0 pair of boots.
  1223 | D:2      | 1223 ||| READING scroll labelled NANGU DAONA.
  1224 | D:2      | 1224 ||| READING scroll labelled MOTITO ICZA.
  1225 | D:2      | 1225 ||| DRINKING 2 red potions.
  1226 | D:2      | 1226 ||| READING 3 scrolls of identify.
  1226 | D:2      | 1226 ||| IDENTIFYING fizzy purple potion
  1227 | D:2      | 1227 ||| READING 2 scrolls of identify.
  1227 | D:2      | 1227 ||| IDENTIFYING sedimented red potion
  1228 | D:2      | 1228 ||| DROPPING potion of berserk rage.
  1270 | D:3      | Found a shadowy altar of Dithmenos.
  1273 | D:3      | 1273 ||| Stepping ~*~*~tactically~*~*~ (outnumbered).
  1282 | D:3      | Reached skill level 1 in Armour
  1288 | D:3      | HP: 6/26 [gnoll/+0 flail (2)]
  1288 | D:3      | Slain by a gnoll

Levels and vault maps discovered:
D:1:      amcnicky_arrival_feature_with_door, layout_rooms
D:2:      layout_loops_cross, kennysheep_another_room
D:3:      layout_rooms, lemuel_doored_altar, evilmike_ruin_ashenzari,
          cheibrodos_gnoll_hut, uniq_ijyb

Skill      XL: |  1  2  3  4 |
---------------+-------------+-----
Ranged Weapons | 3 4 |  4.0
Fighting       | 2 |  2.0
Armour         | 1 |  1.0
Dodging        | |  1.5
Spellcasting   | |  1.0
Hexes          | |  2.6

Action                     |  1- 3 |  4- 6 || total
---------------------------+-------+-------++-------
   Fire: Sling             |   111 |    48 ||   159
    Use: Scroll            |     4 |     4 ||     8
         Potion            |       |     1 ||     1
 Armour: Robe              |    14 |       ||    14
         Ring mail         |     3 |    16 ||    19
  Dodge: Dodged            |    15 |    21 ||    36

Table legend:
 A = Non-vault XP
 B = Vault XP
 C = Vault XP percentage of total XP
 D = Non-vault monster count
 E = Vault monster count
 F = Vault count percentage of total count
                 A         B        C        D         E       F
            +---------+---------+-------+---------+---------+-------
      Total |     113 |       0 |   0.0 |      55 |       0 |   0.0
            +---------+---------+-------+---------+---------+-------
        D:1 |      46 |       0 |   0.0 |      27 |       0 |   0.0
        D:2 |      55 |       0 |   0.0 |      23 |       0 |   0.0
        D:3 |      12 |       0 |   0.0 |       5 |       0 |   0.0
            +---------+---------+-------+---------+---------+-------
